 Dungeon Crawl Stone Soup version 0.29-a0-775-g4d7333d4e2 (webtiles) character file.

Game seed: 12539096672821215470

14491 avis the Skirmisher (level 11, -7/97 HPs)
             Began as a Demigod Ice Elementalist on July 1, 2022.
             Blown up by an eye of devastation (41 damage)
             ... with a bolt of energy
             ... in a Gauntlet.
             The game lasted 01:44:55 (14976 turns).

avis the Skirmisher (Demigod Ice Elementalist)     Turns: 14976, Time: 01:44:55

Health: -7/97      AC: 11    Str:  6    XL:     11   Next: 59%
Magic:  20/20      EV: 15    Int: 21    God:
Gold:   677        SH:  0    Dex: 29    Spells: 11/18 levels left

rFire   . . .      SeeInvis .   c - +3 mace (holy)
rCold   + . .      Faith    .   H - +0 buckler
rNeg    . . .      Spirit   .   J - +3 leather armour {rC+}
rPois   .          Reflect  .   j - +1 helmet
rElec   .          Harm     .   (no cloak)
rCorr   +          Rampage  .   (no gloves)
Will    +....      NoTele   +   E - +2 pair of boots
Stlth   +.........              (no amulet)
HPRegen 0.26/turn               d - +4 ring of slaying
MPRegen 0.17/turn               v - ring "Qocuug" {rCorr Str-3 Int+4 Dex+3 Slay+5}

@: confused
A: high MP 1, forlorn, divine attributes
a: no special abilities


You were in a Gauntlet.
You visited 3 branches of the dungeon, and saw 14 of its levels.
You also visited: Sewer and Gauntlet.

You collected 846 gold pieces.
You spent 169 gold pieces at shops.

Inventory:

Hand Weapons
 a - a +1 sling of flaming
 b - a +0 shortbow
 c - a +3 mace of holy wrath (weapon)
 w - a +0 short sword of venom
Armour
 j - a +1 helmet (worn)
 E - a +2 pair of boots (worn)
 H - a +0 buckler (worn)
 J - a +3 leather armour of cold resistance (worn)
Jewellery
 d - a +4 ring of slaying (left hand)
 v - the ring "Qocuug" (right hand) {rCorr Str-3 Int+4 Dex+3 Slay+5}
   (You found it on level 8 of the Dungeon)

   [ring of resist corrosion]

   Str:       It affects your strength (-3).
   Int:       It affects your intelligence (+4).
   Dex:       It affects your dexterity (+3).
   Slay:      It affects your accuracy & damage with ranged weapons and melee
   (+5).
   rCorr:     It protects you from acid and corrosion.
 F - a ring of protection from fire
Wands
 x - a wand of polymorph (3)
 y - a wand of charming (15)
 G - a wand of light (5)
 L - a wand of iceblast (12)
Scrolls
 k - 4 scrolls of magic mapping
 p - 8 scrolls of teleportation
 q - 5 scrolls of blinking
 z - 5 scrolls of identify
Potions
 h - 2 potions of berserk rage
 i - 3 potions of might
 l - 11 potions of flight
 m - 3 potions of brilliance
 n - a potion of cancellation
 o - 2 potions of magic
 u - 2 potions of heal wounds
 A - 2 potions of lignification
Miscellaneous
 e - a tin of tremorstones (2/2)
 R - a lightning rod (4/4)


   Skills:
 * Level 9.2 Fighting
 - Level 12.0 Ranged Weapons
 - Level 5.0 Dodging
 - Level 5.0 Stealth
 - Level 4.0 Spellcasting
 - Level 7.0 Ice Magic


You had 11 spell levels left.
You knew the following spells:

 Your Spells              Type           Power      Damage    Failure   Level
a - Freeze                Ice            100%       1d11      1%          1
o - Ozocubu's Armour      Ice            33%        N/A       4%          3
r - Frozen Ramparts       Ice            66%        1d8       4%          3

Your spell library contained the following spells:

 Spells                   Type           Power      Damage    Failure   Level
 Shock                    Conj/Air       16%        1d4       26%         1
 Sting                    Tmut/Pois      16%        1d3       26%         1
 Poisonous Vapours        Pois/Air       8%         N/A       36%         2
 Sublimation of Blood     Necr           4%         N/A       36%         2
 Wereblood                Tmut           4%         N/A       36%         2
 Hailstorm                Conj/Ice       18%        3d6       52%         4
 Call Canine Familiar     Summ           4%         N/A       58%         3
 Gell's Gravitas          Tloc           4%         N/A       58%         3
 Portal Projectile        Hex/Tloc       8%         N/A       58%         3
 Summon Guardian Golem    Hex/Summ       4%         N/A       58%         3
 Swiftness                Air            4%         N/A       58%         3
 Teleport Other           Tloc           4%         N/A       58%         3
 Airstrike                Air            2%         0-2+      94%         4
 Leda's Liquefaction      Hex/Erth       2%         N/A       94%         4
 Olgreb's Toxic Radiance  Pois           4%         N/A       94%         4
 Conjure Ball Lightning   Conj/Air       2%         3x3d6     100%        6
 Dispersal                Tloc           2%         N/A       100%        6
 Orb of Destruction       Conj           2%         9d5       100%        7
 Spellforged Servitor     Conj/Summ      2%         N/A       100%        7
 Summon Hydra             Summ           2%         N/A       100%        7
 Discord                  Hex            2%         N/A       100%        8
 Disjunction              Tloc           2%         N/A       100%        8


Dungeon Overview and Level Annotations

Branches:
Dungeon (10/15)            Temple (1/1) D:7            Lair (3/6) D:10
  Swamp (0/4) Lair:3        Snake (0/4) Lair:2        Sewer (visited)
Gauntlet (1/1)
    Orc: D:9-12

Shops:
D:1 (   D:4 !   D:7 [

Annotations:
Lair:1 3 runed translucent doors, Hiufoemo's ghost, journeyman DjWr; Rohain's ghost, novice GnWr; dolemite99's ghost, journeyman DsFi; porpoise's ghost, journeyman MfFi Gauntlet 10 transporters, 2 runed translucent doors


Innate Abilities, Weirdness & Mutations

You have an increased reservoir of magic. (+10% MP)
You shall have no god before yourself.
Your divine heritage dramatically boosts your attributes as you level up.


Message History

You shrug off the repeated paralysis!
The golden eye pulsates ominously.
The golden eye blinks!
The eye of devastation gazes at you. The bolt of energy hits you!!
The floating eye seems to glare at you.
There is a transporter here.
You enter the transporter and appear at another place.
The white imp shouts!
The eye of devastation gazes at you. The bolt of energy misses you.
You bump into the translucent stone wall.
You bump into the translucent stone wall.
You barely miss the eye of devastation.
The eye of devastation is moderately wounded.
The eye of devastation gazes at you. The bolt of energy misses you.
You hit the eye of devastation but do no damage.
The eye of devastation is moderately wounded.
The eye of devastation gazes at you. The bolt of energy hits you!!
You hit the eye of devastation but do no damage.
The eye of devastation is moderately wounded.
The wizard wildly gestures.
You feel troubled.
The white imp grins evilly.
The eye of devastation gazes at you. The bolt of energy hits you!!
* * * LOW HITPOINT WARNING * * *
You feel much better.
You hit the eye of devastation but do no damage.
The eye of devastation is moderately wounded.
The white imp picks up a beetle and eats it.
You sock the eye of devastation!
The eye of devastation is heavily wounded.
The golden eye turns its gaze towards you.
You hit the eye of devastation but do no damage.
The eye of devastation is heavily wounded.
The eye of devastation gazes at you. The bolt of energy hits you!!!
You die...

##...#########.PPP...≈#
##≈.♣.#......^#.♣PPP...####
#≈≈...#.####.z#......P..≈≈#
##≈...#|#^..#z###.♣.♣.♣..≈#
##.P.#©#.©z#z#©#.........####
##≈.♣.#[#.zz#z#.#########..≈≈#
#≈≈...#z.####z#.#.....###...≈#
##≈...#z....zz#.#.##.####....###
##...#########@#G##G.G.###...≈≈
##≈.♣.........#G#©#.©.#.#©#.♣..≈
#≈≈...#########.#....##.#.#.....
##≈...#.....5p#.####G##G#.#...♣.
##...#.####.5#.###.....#.#.....
.##..♣.#(#.5##.#.#########.#.♣..P
.#.....#©.#5p#.#©#.......#.#.....
.#.♣...#".##5#.###...♣...#.######
.#.....#5...##.#...PPPP..#.#.'..^


You could see an eye of devastation, 2 wizards, 9 flying skulls, a floating eye
(charged), a golden eye, 3 white imps and a shadow imp.

Vanquished Creatures
  A hydra (Lair:1)
  2 two-headed ogres
  A black mamba (Lair:1)
  3 cane toads
  4 komodo dragons
  A rime drake (Lair:1)
  A troll (D:10)
  Prince Ribbit (D:8)
  Sigmund (D:2)
  4 flying skulls (Gauntlet)
  14 yaks
  A wraith (D:10)
  A basilisk (Lair:2)
  4 vampire mosquitoes (D:10)
  4 nagas (Lair:2)
  5 water moccasins
  3 black bears
  3 orc warriors
  Duvessa (D:5)
  2 ice beasts (D:6)
  A sky beast (D:6)
  5 wolves (Lair:2)
  An ogre (D:3)
  3 centaurs
  2 phantoms
  2 kobold brigands
  2 gnoll sergeants
  6 scorpions
  7 bullfrogs
  2 necrophages
  9 wights (D:8)
  Dowan (D:5)
  6 killer bees
  3 howler monkeys
  3 electric eels
  2 hounds
  4 orc priests
  A bouda (D:7)
  2 iguanas
  4 jellies
  17 orc wizards
  A statue (D:9)
  Robin (D:2)
  16 gnolls
  5 river rats (Sewer)
  8 adders
  A white imp (D:7)
  2 ufetubi
  3 worms
  2 dart slugs
  44 orcs
  12 ball pythons
  8 endoplasms
  10 giant cockroaches
  19 goblins
  9 hobgoblins
  5 jackals
  7 quokkas
  14 bats
  5 frilled lizards
  14 kobolds
  9 rats
335 creatures vanquished.

Vanquished Creatures (others)
  6 fungi
  9 plants
  2 withered plants (Lair:1)
17 creatures vanquished.

Grand Total: 352 creatures vanquished

Notes
Turn   | Place    | Note
-------+----------+-------------------------------------------
     0 | D:1      | avis the Demigod Ice Elementalist began the quest for the
                  | Orb.
     0 | D:1      | Reached XP level 1. HP: 14/14 MP: 5/5
   143 | D:1      | Reached skill level 1 in Fighting
   401 | D:1      | Reached XP level 2. HP: 23/23 MP: 7/7
   527 | D:1      | Found Ijul's Weapon Shop.
   843 | D:2      | Reached XP level 3. HP: 29/29 MP: 5/8
   885 | D:2      | Noticed Robin
   925 | D:2      | Learned a level 3 spell: Ozocubu's Armour
  1024 | D:2      | Reached skill level 1 in Ranged Weapons
  1145 | D:2      | Noticed Sigmund
  1159 | D:2      | Killed Sigmund
  1160 | D:2      | Reached skill level 2 in Ranged Weapons
  1160 | D:2      | Reached XP level 4. HP: 19/38 MP: 5/11
  1160 | D:2      | Reached XP level 5. HP: 22/45 MP: 5/12
  1315 | D:2      | Killed Robin
  2217 | D:3      | Noticed an ogre
  2223 | D:3      | Killed an ogre
  2224 | D:3      | Reached skill level 5 in Ice Magic
  2224 | D:3      | Reached XP level 6. HP: 51/51 MP: 7/13
  3242 | D:4      | Reached skill level 3 in Ranged Weapons
  3376 | D:4      | Found Nosufugo's Distillery.
  3409 | D:4      | Bought a potion of curing for 39 gold pieces
  3409 | D:4      | Bought a potion of haste for 130 gold pieces
  3438 | D:4      | Reached XP level 7. HP: 59/59 MP: 7/14
  3532 | D:4      | Reached skill level 4 in Ranged Weapons
  4066 | D:5      | Entered Level 5 of the Dungeon
  4288 | D:5      | Noticed Duvessa
  4289 | D:5      | Noticed Dowan
  4298 | D:5      | Killed Duvessa
  4308 | D:5      | Killed Dowan
  4386 | D:5      | Learned a level 3 spell: Frozen Ramparts
  4656 | D:5      | Reached XP level 8. HP: 66/67 MP: 17/17
  4688 | D:5      | Reached skill level 5 in Fighting
  5171 | D:6      | Reached skill level 5 in Ranged Weapons
  5189 | D:6      | Found a glowing drain.
  5193 | Sewer    | Entered a sewer
  5939 | D:6      | Reached skill level 6 in Ranged Weapons
  6021 | D:6      | You fall into a shaft and drop 2 floors!
  6749 | D:7      | Found a staircase to the Ecumenical Temple.
  6768 | D:7      | Reached XP level 9. HP: 46/75 MP: 15/18
  7147 | Temple   | Entered the Ecumenical Temple
  7440 | D:7      | Reached skill level 7 in Ranged Weapons
  7517 | D:7      | Found Joaxempa's Armour Shoppe.
  7932 | D:8      | Noticed Prince Ribbit
  7944 | D:8      | Killed Prince Ribbit
  7945 | D:8      | Reached skill level 8 in Ranged Weapons
  8118 | D:8      | Identified the ring "Qocuug" {rCorr Str-3 Int+4 Dex+3
                  | Slay+5}
  8921 | D:9      | Noticed a two-headed ogre
  8929 | D:9      | Killed a two-headed ogre
  8930 | D:9      | Reached skill level 9 in Ranged Weapons
  9043 | D:9      | Reached XP level 10. HP: 82/86 MP: 15/19
  9860 | D:10     | Entered Level 10 of the Dungeon
  9980 | D:10     | Noticed a two-headed ogre
  9989 | D:10     | Killed a two-headed ogre
  9990 | D:10     | Reached skill level 10 in Ranged Weapons
 10210 | D:10     | Found a staircase to the Lair.
 10342 | D:10     | Reached skill level 11 in Ranged Weapons
 11727 | Lair:1   | Entered Level 1 of the Lair of Beasts
 11779 | Lair:1   | Found a runed translucent gate.
 11779 | Lair:1   | Found a runed translucent gate.
 11780 | Lair:1   | Found a runed translucent gate.
 11782 | Lair:1   | Noticed Rohain's ghost (novice GnWr)
 12000 | Lair:1   | Noticed a black mamba
 12010 | Lair:1   | Killed a black mamba
 12011 | Lair:1   | Reached XP level 11. HP: 38/94 MP: 17/20
 12268 | Lair:1   | Reached skill level 12 in Ranged Weapons
 12442 | Lair:1   | Noticed dolemite99's ghost (journeyman DsFi)
 12443 | Lair:1   | Noticed porpoise's ghost (journeyman MfFi)
 12443 | Lair:1   | Noticed Hiufoemo's ghost (journeyman DjWr)
 12648 | Lair:1   | Noticed a six-headed hydra
 12657 | Lair:1   | Killed a six-headed hydra
 13758 | Lair:2   | Found a staircase to the Snake Pit.
 13819 | Lair:2   | Reached skill level 5 in Dodging
 14580 | Lair:3   | Found a gate leading to a gauntlet.
 14588 | Gauntlet | Entered a Gauntlet
 14588 | Gauntlet | Found a transporter.
 14595 | Gauntlet | Found a runed translucent door.
 14598 | Gauntlet | Found a transporter.
 14602 | Gauntlet | Found a transporter.
 14614 | Gauntlet | Found a transporter.
 14617 | Gauntlet | Found a transporter.
 14626 | Gauntlet | Found a transporter.
 14639 | Gauntlet | Found a transporter.
 14641 | Gauntlet | Noticed a wizard
 14643 | Gauntlet | Found a transporter.
 14644 | Gauntlet | Noticed a wizard
 14667 | Gauntlet | Found a transporter.
 14672 | Gauntlet | Noticed a wizard
 14689 | Gauntlet | Found a runed translucent door.
 14691 | Gauntlet | Found a transporter.
 14691 | Gauntlet | Found a transporter.
 14693 | Gauntlet | Found a runed translucent door.
 14711 | Gauntlet | Found a transporter.
 14718 | Gauntlet | Found a transporter.
 14719 | Gauntlet | Noticed a wizard
 14720 | Gauntlet | Noticed a wizard
 14725 | Gauntlet | Found a transporter.
 14806 | Gauntlet | Reached skill level 5 in Stealth
 14950 | Gauntlet | Paralysed by a floating eye for 2 turns
 14960 | Gauntlet | Paralysed by a floating eye for 4 turns
 14976 | Gauntlet | Blown up by an eye of devastation

Illustrated notes

Levels and vault maps discovered:
D:1:      dpeg_arrival_solitude, layout_rooms, serial_shops,
          nicolae_shop_behind_doors
D:2:      layout_rooms, dreamdust_ecumenical_altar_grove,
          hangedman_decor_peaks_small, minmay_misc_feat_five, uniq_sigmund,
          uniq_robin
D:3:      layout_rooms, tgw_xom
D:4:      layout_cave_pools, mainiacjoe_overflow_boulevard,
          mainiacjoe_overflow_big_doors, serial_shops, kennysheep_mini_moat
D:5:      layout_basic, nicolae_gozag_cash_rules_everything_around_me,
          grunt_qazlal_sundering, uniq_duvessa
D:6:      layout_rooms, mainiacjoe_overflow_catwalk_spiral,
          gup_sewer_entry_bowl, grunt_decor_resistance,
          kennysheep_generic_room_12
D:7:      layout_basic, minmay_temple_entry_purple_smoke, serial_shops, shop
D:8:      layout_gridville, mainiacjoe_overflow_tiny_flanked,
          uniq_prince_ribbit1
D:9:      layout_irregular_city, vehumet_statue
D:10:     layout_irregular_city, david_lair_shrubbed
Temple:   nicolae_temple_x_marks_the_god
Lair:1:   layout_regular_city, gammafunk_ghost_cemetery,
          nicolae_quartered_pool_super
Lair:2:   layout_gridlike, minmay_snake_entry_guardpost_small
Lair:3:   layout_regular_city, nicolae_swamp_entry_splash_gauntlet,
          gauntlet_entry_generic, tgw_fedhas, grunt_megastairs_2,
          infiniplex_staircase_pool_2, lemuel_fruit_fields
Gauntlet: minmay_gauntlet_77_tree [minmay_gauntlet_arena_77_path,
          minmay_gauntlet_arena_77_shame_cube,
          minmay_gauntlet_arena_77_p_blocks, minmay_gauntlet_arena_77_fan,
          minmay_gauntlet_arena_77_radiant_squares,
          minmay_gauntlet_arena_77_hold_the_fort, minmay_gauntlet_arena_77_box,
          dreamdust_gauntlet_exit_labyrinth]

Skill      XL: |  1  2  3  4  5  6  7  8  9 10 11 |
---------------+----------------------------------+-----
Fighting       | 1 2 3 4 6 7 8 9 |  9.2
Spellcasting   | 2 3 4 |  4.0
Ice Magic      | 4 5 6 7 |  7.0
Ranged Weapons | 2 3 4 6 9 11 12 | 12.0
Stealth        | 2 5 |  5.0
Dodging        | 2 5 |  5.0

Action                   |  1- 3 |  4- 6 |  7- 9 | 10-12 || total
-------------------------+-------+-------+-------+-------++-------
Melee: Dagger            |       |    14 |     4 |       ||    18
       Punch             |       |     1 |       |       ||     1
       Mace              |       |       |       |     9 ||     9
 Fire: Sling             |    78 |    97 |   338 |   293 ||   806
       Shortbow          |       |       |     3 |       ||     3
 Cast: Freeze            |    11 |    50 |    52 |    18 ||   131
       Ozocubu's Armour  |     1 |    11 |    28 |    28 ||    68
  Use: Potion            |       |       |     4 |     4 ||     8
       Scroll            |       |       |     9 |    10 ||    19
Armor: Robe              |     3 |    29 |    14 |       ||    46
       Leather armour    |       |       |    49 |    88 ||   137
Dodge: Dodged            |    18 |    59 |    66 |   104 ||   247
Block: Buckler           |       |       |    23 |    57 ||    80

Table legend: (Time is in decaauts)
 A = Elapsed time spent in this place.
 B = Non-inter-level travel time spent in this place.
 C = Inter-level travel time spent in this place.
 D = Time resting spent in this place.
 E = Time spent auto-exploring this place.
 F = Levels seen in this place.
 G = Mean time per level.
                   A        B        C        D        E       F      G
               +--------+--------+--------+--------+--------+-----+--------+
         Total |  15277 |  13565 |   1712 |   4248 |   5745 |  16 |  954.8 |
       Dungeon |  11306 |   9856 |   1450 |   3323 |   4218 |  10 | 1130.6 |
        Temple |     46 |     44 |      2 |      0 |      0 |   1 |   46.0 |
          Lair |   2649 |   2389 |    260 |    728 |   1247 |   3 |  883.0 |
         Sewer |    887 |    887 |      0 |    168 |    278 |   1 |  887.0 |
      Gauntlet |    387 |    387 |      0 |     29 |      0 |   1 |  387.0 |
               +--------+--------+--------+--------+--------+-----+--------+

Top non-repeatable levels by time:
    D:10: 1745 daAuts
  Lair:1: 1621 daAuts
     D:9: 1227 daAuts
     D:7: 1214 daAuts
     D:3: 1191 daAuts
     D:2: 1131 daAuts
     D:8: 1127 daAuts
  Lair:2: 1019 daAuts
     D:5: 985 daAuts
     D:1: 948 daAuts
     D:4: 932 daAuts
   Sewer: 887 daAuts
     D:6: 802 daAuts
Gauntlet: 387 daAuts
  Temple: 46 daAuts
